 Dungeon Crawl Stone Soup version 0.25-a0-464-g3004169c2b (webtiles) character file.

Game seed: 1672128638268193614, levelgen mode: deterministic

1155 mopl the Caller (level 8, -5/57 HPs)
             Began as a Pale Draconian Summoner on Feb 4, 2020.
             Was a Follower of Sif Muna.
             Slain by an orc warrior
             ... wielding a +0 scimitar
              (18 damage)
             ... on level 7 of the Dungeon.
             The game lasted 00:18:37 (6815 turns).

mopl the Caller (Pale Draconian Summoner)           Turns: 6815, Time: 00:18:37

Health: -5/57      AC:  7    Str: 15      XL:     8   Next: 16%
Magic:  13/16      EV: 12    Int: 20 (22) God:    Sif Muna [*.....]
Gold:   5          SH:  0    Dex: 12 (13) Spells: 1/18 levels left

rFire    + . .     SeeInvis .   a - +1 trident (protect)
rCold    . . .     Gourm    .   (no shield)
rNeg     . . .     Faith    .   (armour unavailable)
rPois    .         Spirit   .   (helmet restricted)
rElec    .         Reflect  .   w - +0 cloak
rCorr    .         Harm     .   (no gloves)
MR       .....                  (no boots)
Stlth    +++.......             (no amulet)
HPRegen  0.19/turn              E - ring of protection from fire
MPRegen  0.15/turn              F - ring of stealth

@: mighty, brilliant, very slightly contaminated
A: breathe steam, unfitting armour, cold-blooded, AC +6
a: Breathe Steam, Channel Magic, Renounce Religion


You were on level 7 of the Dungeon.
You worshipped Sif Muna.
Sif Muna was aware of your devotion.
You were hungry.

You visited 2 branches of the dungeon, and saw 8 of its levels.

You collected 261 gold pieces.
You spent 256 gold pieces at shops.

Inventory:

Hand Weapons
 a - a +1 trident of protection (weapon)
 f - a +0 short sword
 K - a +0 spear
Missiles
 l - 7 atropa-tipped darts
 s - 3 boomerangs
 z - 26 poisoned darts (quivered)
 L - 2 throwing nets
Armour
 w - a +0 cloak (worn)
Jewellery
 D - an uncursed ring of fire
 E - a ring of protection from fire (left hand)
 F - a ring of stealth (right hand)
Wands
 q - a wand of polymorph (9)
 r - a wand of digging (7)
 A - a wand of flame (32)
Scrolls
 b - a scroll of magic mapping {unknown}
 d - 7 scrolls of teleportation {unknown}
 h - 4 scrolls of fog {unknown}
 k - 2 scrolls of amnesia {unknown}
 n - 8 scrolls of identify {unknown}
 o - 5 scrolls of remove curse {unknown}
 x - 2 scrolls of immolation {unknown}
 y - a scroll of acquirement {unknown}
 G - a scroll of enchant weapon {unknown}
 H - a scroll of enchant armour {unknown}
 J - 2 scrolls of blinking {unknown}
Potions
 e - a potion of magic {unknown}
 g - a potion of heal wounds {unknown}
 i - a potion of degeneration
 j - a potion of might
 m - a potion of experience {unknown}
 p - a potion of ambrosia
 t - a potion of brilliance
 u - a potion of invisibility {unknown}
 v - a potion of curing
 B - a potion of agility {unknown}
 C - a potion of haste {unknown}
Comestibles
 c - 9 rations
 I - 3 chunks of flesh


   Skills:
 + Level 0.9 Polearms
 - Level 1.7 Dodging
 - Level 1.7 Stealth
 + Level 5.9 Spellcasting
 - Level 2.1 Hexes
 + Level 6.4 Summonings
 + Level 2.8 Ice Magic
 + Level 2.3 Air Magic
 + Level 2.4 Invocations


You had one spell level left.
You knew the following spells:

 Your Spells              Type           Power        Failure   Level  Hunger
a - Summon Small Mammal   Summ           ####         1%          1    None
b - Call Imp              Summ           #####...     1%          2    None
c - Call Canine Familiar  Summ           #####...     1%          3    ##.....
d - Summon Ice Beast      Ice/Summ       #####...     1%          4    ####...
f - Summon Lightning Spi  Summ/Air       #####...     2%          4    ####...
g - Summon Guardian Gole  Hex/Summ       #####...     1%          3    ##.....

Your spell library contained the following spells:

 Spells                   Type           Power        Failure   Level  Hunger
 Corona                   Hex            ####...      1%          1    None
 Ensorcelled Hibernation  Hex/Ice        ####..       1%          2    None
 Confusing Touch          Hex            ####....     1%          3    ##.....
 Tukima's Dance           Hex            ####....     1%          3    ##.....
 Dazzling Flash           Conj/Hex       ###...       2%          3    ##.....


Dungeon Overview and Level Annotations

Branches:
Dungeon (7/15)             Temple (1/1) D:5

Altars:
Cheibriados
Dithmenos
Elyvilon
Fedhas
Gozag
Hepliaklqana
Kikubaaqudgha
Nemelex Xobeh
Okawaru
Qazlal
Sif Muna
Trog
Uskayaw
Vehumet
Wu Jian
Xom
Yredelemnul
Zin
The Shining One

Shops:
D:4 *(*}*   D:6 *

Annotations:
D:4 rF
D:6 Sigmund


Innate Abilities, Weirdness & Mutations

You can breathe blasts of scalding, opaque steam.
Your pale cyan-grey scales are hard. (AC +6)
You cannot fit into any form of body armour.
You are cold-blooded and may be slowed by cold attacks.


Message History

You feel less invigorated.
You feel less confused.
Casting: Summon Lightning Spire (slightly dangerous; 24% risk of failure)
Confirm with . or Enter, or press ? or * to list all spells.
You miscast Summon Ice Beast.
A chill runs through your body.
You are feeling hungry.
The orc warrior hits you with a +0 scimitar!
* * * LOW HITPOINT WARNING * * *
Unknown command.
Evoke which item? (* to show all) (? for menu, Esc to quit)
Okay, then.
Unknown command.
Unknown command.
Okay, then.
Unknown command.
It was a potion of brilliance.
You feel clever all of a sudden.
It was a potion of curing.
You feel better.
The orc warrior hits you with a +0 scimitar!!
You die...

### ######## ##.#
.#......###o.##
.......@o.og<.#
......###.##..######
.......## ####.......####
..##....###.....[.#.....#
.....o..#........#.#...#
...!....#...###)[..##..# #
##......g..##.........#
..###.....................#
..>.......o........##..####


You could see 2 orc warriors, a gnoll and an orc.

Vanquished Creatures
  A sky beast (D:5)
  An ogre (D:6)
  A centaur (D:5)
  A hound (D:6)
  2 bullfrog skeletons
  An iguana (D:5)
  An orc wizard (D:3)
  A hound zombie (D:5)
  A gnoll (D:1)
  2 adders (D:2)
  A shadow imp (D:7)
  A dart slug (D:3)
  A leopard gecko (D:4)
  5 orcs
  A ball python (D:4)
  5 giant cockroaches
  14 goblins
  10 hobgoblins
  A jackal (D:6)
  2 quokkas
  5 bats
  3 frilled lizards
  5 kobolds
  A leopard gecko zombie (D:7)
  5 rats
72 creatures vanquished.

Vanquished Creatures (collateral kills)
  Grinder (D:3)
  A hippogriff (D:7)
  2 sky beasts
  A centaur (D:7)
  A big kobold (D:6)
  A bullfrog (D:6)
  A scorpion (D:4)
  A centaur zombie (D:6)
  2 crimson imps
  A bullfrog zombie (D:6)
  An orc priest (D:7)
  A gnoll shaman (D:7)
  Natasha (D:2)
  An orc wizard (D:7)
  Terence (D:2)
  4 worker ants (D:4)
  Robin (D:2)
  5 gnolls
  2 adders
  2 worms
  2 dart slugs
  2 leopard geckos
  15 orcs
  2 bats
  A giant cockroach (D:2)
  2 goblins (D:2)
  2 hobgoblins (D:2)
  2 jackals (D:7)
  9 kobolds
  A quokka (D:3)
  2 ball pythons
  A jackal skeleton (D:6)
  A rat (D:3)
  A spectral orc (D:2)
74 creatures vanquished.

Vanquished Creatures (others)
  An orc wizard (D:4)
  3 orcs (D:4)
4 creatures vanquished.

Grand Total: 150 creatures vanquished

Notes
Turn   | Place    | Note
-------+----------+-------------------------------------------
     0 | D:1      | mopl the Draconian Summoner began the quest for the Orb.
     0 | D:1      | Reached XP level 1. HP: 14/14 MP: 3/3
   647 | D:1      | Reached XP level 2. HP: 20/20 MP: 0/5
   651 | D:1      | Learned a level 2 spell: Call Imp
  1038 | D:2      | Noticed Terence
  1061 | D:1      | Reached XP level 3. HP: 14/26 MP: 0/7
  1066 | D:1      | Learned a level 3 spell: Call Canine Familiar
  1247 | D:2      | Killed Terence
  1247 | D:2      | Reached skill level 3 in Spellcasting
  1248 | D:2      | Noticed Robin
  1536 | D:2      | Killed Robin
  1783 | D:2      | Reached XP level 4. HP: 33/33 MP: 8/8
  2167 | D:2      | Found a basalt altar of Yredelemnul.
  2428 | D:2      | Noticed Natasha
  2435 | D:2      | Killed Natasha
  2527 | D:3      | Reached skill level 5 in Summonings
  2556 | D:3      | Noticed a sky beast
  2844 | D:3      | Killed a sky beast
  2844 | D:3      | Reached skill level 4 in Spellcasting
  2844 | D:3      | Reached XP level 5. HP: 22/38 MP: 5/11
  2980 | D:3      | Learned a level 3 spell: Summon Guardian Golem
  3037 | D:3      | Noticed Grinder
  3041 | D:3      | Paralysed by Grinder for 7 turns
  3068 | D:3      | Killed Grinder
  3068 | D:3      | Reached skill level 1 in Hexes
  3068 | D:3      | Reached XP level 6. HP: 36/45 MP: 2/13
  3101 | D:3      | You fall into a shaft and drop 1 floor!
  3101 | D:4      | Found Izivadat's Assorted Antiques.
  3109 | D:4      | Bought a dark potion for 22 gold pieces
  3109 | D:4      | Bought a sedimented brown potion for 22 gold pieces
  3109 | D:4      | Bought a scroll labeled POIHOT INIORCH for 25 gold pieces
  3109 | D:4      | Bought a brown potion for 22 gold pieces
  3432 | D:3      | Found an opulent altar of Gozag.
  3433 | D:3      | Found a sparkling altar of Nemelex Xobeh.
  3601 | D:4      | Found a radiant altar of Vehumet.
  3623 | D:4      | Reached skill level 5 in Spellcasting
  3635 | D:4      | Learned a level 4 spell: Summon Ice Beast
  3719 | D:4      | Found Zaclutur's Assorted Antiques.
  3760 | D:4      | Bought a scroll labeled MEJYIGH VACAR for 24 gold pieces
  3760 | D:4      | Bought a scroll labeled RUTOGYDERO for 24 gold pieces
  3775 | D:4      | Found a blossoming altar of Fedhas.
  3804 | D:4      | Found Qivon's Gadget Shoppe.
  3874 | D:4      | Found a radiant altar of Vehumet.
  4073 | D:4      | Found a hazy altar of Hepliaklqana.
  4162 | D:4      | Found Atijupp's Antique Weapon Shop.
  4168 | D:4      | Found Sunkeck's Assorted Antiques.
  4383 | D:4      | Bought a coppery potion for 21 gold pieces
  4417 | D:5      | Entered Level 5 of the Dungeon
  4481 | D:4      | Bought a grey potion for 21 gold pieces
  4607 | D:5      | Reached skill level 1 in Ice Magic
  4607 | D:5      | Your scales start taking on a pale cyan-grey colour.
  4607 | D:5      | Reached XP level 7. HP: 42/50 MP: 8/15
  4634 | D:5      | Reached skill level 2 in Hexes
  4747 | D:5      | Found a staircase to the Ecumenical Temple.
  4762 | Temple   | Entered the Ecumenical Temple
  4802 | Temple   | Became a worshipper of Sif Muna the Loreminder
  5107 | D:5      | Learned a level 4 spell: Summon Lightning Spire
  5188 | D:6      | Found an iron altar of Okawaru.
  5200 | D:6      | Reached skill level 6 in Summonings
  5280 | D:6      | Reached skill level 1 in Invocations
  5290 | D:6      | Reached skill level 2 in Ice Magic
  5290 | D:6      | Reached skill level 1 in Air Magic
  5423 | D:6      | Noticed Sigmund
  5528 | D:6      | Noticed a +0 hand axe
  5528 | D:6      | Noticed a -2 dagger
  5530 | D:6      | Found a hide-covered altar of Uskayaw.
  5562 | D:6      | Found Umixaot's Assorted Antiques.
  6029 | D:4      | Bought a scroll labeled WIFIRCH LASSU for 25 gold pieces
  6029 | D:4      | Bought a scroll labeled VAOVIO JEEWOE for 25 gold pieces
  6029 | D:4      | Bought a scroll labeled POIHOT INIORCH for 25 gold pieces
  6591 | D:7      | Noticed a hippogriff
  6599 | D:7      | Killed a hippogriff
  6599 | D:7      | Reached skill level 2 in Air Magic
  6599 | D:7      | Reached skill level 2 in Invocations
  6599 | D:7      | Reached XP level 8. HP: 53/57 MP: 4/16
  6616 | D:7      | Reached * piety under Sif Muna
  6720 | D:7      | Found a shimmering altar of Xom.
  6812 | D:7      | HP: 2/57 [orc warrior/+0 scimitar (14)]
  6815 | D:7      | Slain by an orc warrior

Levels and vault maps discovered:
D:1:      giann_bridges, layout_loops_corners
D:2:      layout_basic, yredelemnul_forgotten_temple_becter, first_ration,
          uniq_terence, uniq_natasha, uniq_robin
D:3:      layout_rooms, grunt_temple_overflow_opulence, uniq_grinder
D:4:      layout_loops_ring, nicolae_overflow_crystal_walls, fedhas_altar_2,
          fiery_altar_vehumet, serial_shops, nicolae_shop_statue_plus, shop,
          shop, shop, nicolae_shop_window_shopping, vehumet_altar_wand_db
D:5:      layout_basic, temple_green
D:6:      layout_loops_ring, okawaru_trees_1, dancing_weapons_uskayaw,
          serial_shops, nicolae_shop_competitors_out_of_business, uniq_sigmund
D:7:      layout_cave_pools, kennysheep_mini_moat, kennysheep_mini,
          serial_gnoll_camp, gnoll_camp_mini_shop, gnoll_camp_mini_hut,
          gnoll_camp_huts_moat, gnoll_camp_mini_hut, gnoll_camp_mini_basic,
          gammafunk_ghost_berserking_beasts, kennysheep_path_1
Temple:   compressed_dpeg_circular_temple

Skill      XL: |  1  2  3  4  5  6  7 |
---------------+----------------------+-----
Spellcasting   | 3 4 5 |  5.9
Summonings     | 5 6 |  6.4
Hexes          | 1 2 |  2.1
Ice Magic      | 1 2 |  2.8
Invocations    | 2 |  2.4
Air Magic      | 2 |  2.3
Polearms       | |  0.9
Dodging        | |  1.7
Stealth        | |  1.7

Action                   |  1- 3 |  4- 6 |  7- 9 || total
-------------------------+-------+-------+-------++-------
Melee: Short sword       |   104 |    21 |       ||   125
       Unarmed           |     5 |       |       ||     5
       Tailslap          |     8 |    19 |    12 ||    39
       Spear             |       |   215 |   105 ||   320
       Trident           |       |       |    26 ||    26
 Cast: Summon Small Mamm |     8 |       |       ||     8
       Call Imp          |     8 |    22 |     7 ||    37
       Call Canine Famil |     2 |    17 |    15 ||    34
       Summon Ice Beast  |       |       |     7 ||     7
       Summon Lightning  |       |       |     1 ||     1
  Use: Potion            |       |       |     5 ||     5
 Stab: Sleeping          |     2 |     5 |       ||     7
       Distracted        |     1 |     3 |     1 ||     5
  Eat: Chunk             |     3 |    12 |     6 ||    21
       Ration            |       |       |     1 ||     1
Armor: Skin              |    35 |    57 |    41 ||   133
Dodge: Dodged            |    67 |   133 |    91 ||   291

Table legend:
 A = Non-vault XP
 B = Vault XP
 C = Vault XP percentage of total XP
 D = Non-vault monster count
 E = Vault monster count
 F = Vault count percentage of total count
                 A         B        C        D         E       F
            +---------+---------+-------+---------+---------+-------
      Total |    1401 |     250 |  15.1 |     124 |      22 |  15.1
            +---------+---------+-------+---------+---------+-------
        D:1 |      35 |       0 |   0.0 |      12 |       0 |   0.0
        D:2 |      69 |      59 |  46.1 |      25 |      14 |  35.9
        D:3 |     204 |     149 |  42.2 |      39 |       1 |   2.5
        D:4 |     154 |       2 |   1.3 |      17 |       1 |   5.6
        D:5 |     251 |       0 |   0.0 |       5 |       0 |   0.0
        D:6 |     352 |       1 |   0.3 |       9 |       1 |  10.0
        D:7 |     336 |      39 |  10.4 |      17 |       5 |  22.7
            +---------+---------+-------+---------+---------+-------
